 Dungeon Crawl Stone Soup version 0.28.0-45-g0d030f2227 (webtiles) character file.

Game seed: 11424870037066168780

482 Cykl0x the Digger (level 7, -1/36 HPs)
             Began as a Gargoyle Earth Elementalist on Apr 4, 2022.
             Slain by a yak (8 damage)
             ... on level 4 of the Dungeon.
             The game lasted 00:05:16 (3444 turns).

Cykl0x the Digger (Gargoyle Earth Elementalist)     Turns: 3444, Time: 00:05:17

Health: -1/36      AC:  7    Str: 11    XL:     7   Next: 12%
Magic:  15/22      EV: 12    Int: 18    God:
Gold:   188        SH:  0    Dex: 10    Spells: 10/14 levels left

rFire   . . .      SeeInvis .   p - +1 flail
rCold   + . .      Faith    .   (no shield)
rNeg    + . .      Spirit   .   b - +0 robe
rPois   ∞          Reflect  .   (no helmet)
rElec   +          Harm     .   (no cloak)
rCorr   .          Rampage  .   (no gloves)
Will    .....                   g - +0 pair of boots
Stlth   ++........              (no amulet)
HPRegen 0.12/turn               d - ring of protection from cold
MPRegen 0.18/turn               o - ring of magical power

@: about to teleport
A: sickness immunity, AC +4, negative energy resistance 1, electricity
resistance, torment resistance 1, petrification resistance
a: no special abilities


You were on level 4 of the Dungeon.
You visited 1 branch of the dungeon, and saw 6 of its levels.

You collected 188 gold pieces.

Inventory:

Hand Weapons
 h - a +0 whip
 p - a +1 flail (weapon)
Missiles
 c - 48 stones
Armour
 b - a +0 robe (worn)
 f - a +0 ring mail
 g - a +0 pair of boots (worn)
 r - a +1 leather armour
Jewellery
 d - a ring of protection from cold (left hand)
 l - a +4 ring of protection
 o - a ring of magical power (right hand)
Wands
 t - a wand of digging (7)
Scrolls
 k - a scroll of blinking {unknown}
 n - a scroll of vulnerability {unknown}
Potions
 a - a potion of flight
 e - 2 potions of curing {unknown}
 i - a potion of invisibility {unknown}
 j - a potion of brilliance {unknown}


   Skills:
 + Level 0.1 Fighting
 + Level 0.4 Maces & Flails
 + Level 1.8 Dodging
 + Level 3.0 Stealth
 + Level 4.3 Spellcasting
 * Level 3.2 Conjurations
 - Level 0.7 Transmutations
 + Level 6.1 Earth Magic


You had 10 spell levels left.
You knew the following spells:

 Your Spells              Type           Power      Damage    Failure   Level
a - Sandblast             Erth           52%        2d12      1%          1
b - Stone Arrow           Conj/Erth      40%        3d9       6%          3

Your spell library contained the following spells:

 Spells                   Type           Power      Damage    Failure   Level
 Passwall                 Tmut/Erth      13%        N/A       5%          2
 Apportation              Tloc           6%         N/A       14%         1
 Scorch                   Fire           6%         2d5       22%         2
 Petrify                  Tmut/Erth      16%        N/A       34%         4
 Ozocubu's Armour         Ice            3%         N/A       38%         3
 Flame Wave               Conj/Fire      9%         2d5       58%         4
 Alistair's Intoxication  Tmut/Pois      3%         N/A       98%         5
 Summon Cactus Giant      Summ           1%         N/A       100%        6
 Ozocubu's Refrigeration  Ice            1%         4d5       100%        7


Dungeon Overview and Level Annotations

Branches:
Dungeon (6/15)
 Temple: D:4-7

Altars:
Dithmenos

Annotations:
D:4 3 runed translucent doors, Gabide's ghost, novice HuMo


Innate Abilities, Weirdness & Mutations

You are immune to sickness and miasma.
Your stone body is resilient. (AC +4)
You are immune to poison.
You resist negative energy. (rN+)
You are resistant to electric shocks. (rElec)
You are resistant to unholy torment.
You are immune to petrification.


Message History

The yak is lightly wounded.
The yak gores you but does no damage.
The blast of sand hits the yak but does no damage.
The yak is lightly wounded.
The yak gores you!
The blast of sand hits the yak.
The yak is moderately wounded.
The blast of sand hits the yak!
The yak is moderately wounded.
The blast of sand hits the yak.
The yak is moderately wounded.
The yak gores you!
You are too injured to fight recklessly!
You are too injured to fight recklessly!
You are too injured to fight recklessly!
You are too injured to fight recklessly!
Unknown command.
Casting: Sandblast (safe; 1% risk of failure)
Confirm with . or Enter, or press ? or * to list all spells.
Aiming: Sandblast (safe; 1% risk of failure)
Press: ? - help, Shift-Dir - straight line, f/p - yak
Aim: a yak (moderately wounded, 88% to hit)
The blast of sand hits the yak.
The yak is heavily wounded.
The yak barely misses you.
Unknown command.
Casting: Sandblast (safe; 1% risk of failure)
Confirm with . or Enter, or press ? or * to list all spells.
Aiming: Sandblast (safe; 1% risk of failure)
Press: ? - help, Shift-Dir - straight line, f/p - yak
Aim: a yak (heavily wounded, 88% to hit)
The blast of sand hits the yak.
The yak is heavily wounded.
The yak gores you.
* * * LOW HITPOINT WARNING * * *
As you read the scroll of teleportation, it crumbles to dust.
You feel strangely unstable. The yak gores you.
* * * LOW HITPOINT WARNING * * *
The yak gores you!
You die...

...###.....###..###
#.......#.# ##
#.....#.###
#.......#Y##
.....(YY.Y.##
..<...Y.###Y##
.##...#. ##Y##
....### ##Y## ?...
##@# ... ###


You could see 5 yaks.

Vanquished Creatures
  A black bear (D:4)
  3 scorpions
  A jelly (D:6)
  An orc priest (D:3)
  A hound (D:2)
  An orc wizard (D:3)
  A hound skeleton (D:4)
  2 adders
  A shadow imp (D:6)
  A worm (D:4)
  A dart slug (D:4)
  6 orcs
  3 bats (D:1)
  5 endoplasms
  A giant cockroach (D:3)
  2 goblins
  4 hobgoblins
  4 jackals (D:4)
  6 quokkas
  4 ball pythons
  4 frilled lizards
  5 kobolds
  3 rats
61 creatures vanquished.

Notes
Turn   | Place    | Note
-------+----------+-------------------------------------------
     0 | D:1      | Cykl0x the Gargoyle Earth Elementalist began the quest for
                  | the Orb.
     0 | D:1      | Reached XP level 1. HP: 10/10 MP: 3/3
   214 | D:1      | Reached skill level 4 in Earth Magic
   214 | D:1      | Reached XP level 2. HP: 14/15 MP: 0/5
   491 | D:1      | Found a faded altar of an unknown god.
  1272 | D:2      | Reached XP level 3. HP: 16/19 MP: 1/6
  1276 | D:2      | Learned a level 3 spell: Stone Arrow
  1574 | D:2      | Reached skill level 1 in Conjurations
  1635 | D:2      | Reached XP level 4. HP: 24/24 MP: 4/8
  2003 | D:3      | Reached skill level 5 in Earth Magic
  2003 | D:3      | Reached XP level 5. HP: 17/28 MP: 0/9
  2368 | D:3      | You fall into a shaft and drop 3 floors!
  2448 | D:6      | Reached XP level 6. HP: 32/32 MP: 7/11
  2456 | D:5      | Entered Level 5 of the Dungeon
  2833 | D:4      | Noticed a black bear
  2841 | D:4      | Killed a black bear
  2842 | D:4      | Reached skill level 6 in Earth Magic
  2842 | D:4      | Reached XP level 7. HP: 26/36 MP: 5/13
  3167 | D:4      | Found a shadowy altar of Dithmenos.
  3195 | D:4      | Found a runed translucent gate.
  3196 | D:4      | Found a runed translucent gate.
  3197 | D:4      | Found a runed translucent gate.
  3201 | D:4      | Noticed Gabide's ghost (novice HuMo)
  3427 | D:4      | Noticed a yak
  3427 | D:4      | Noticed a yak
  3427 | D:4      | Noticed a yak
  3427 | D:4      | Noticed a yak
  3429 | D:4      | Noticed a yak
  3444 | D:4      | Slain by a yak

Illustrated notes

Levels and vault maps discovered:
D:1:      dpeg_arrival_windows_large_door, layout_loops_corners,
          chequers_ecumenical_altar_grove, corner_web_ring, serial_bayou_pond_d,
          chequers_serial_rivers_room_a, chequers_serial_rivers_small_3,
          skrybe_limestone_x, kennysheep_doodads
D:2:      layout_basic
D:3:      layout_basic, interstate_on_off, uniq_ijyb
D:4:      layout_cave_pools, grunt_dithmenos_smoke_and_mirrors,
          nicolae_wu_jian_glorious_leap, gammafunk_ghost_necromancy
D:5:      layout_loops_ring, nemelex_spade_bored_becter, lemuel_crystal_altar,
          minmay_quadrilaterals
D:6:      layout_rooms

Skill      XL: |  1  2  3  4  5  6  7 |
---------------+----------------------+-----
Earth Magic    | 4 5 6 |  6.1
Conjurations   | 1 2 3 |  3.2
Spellcasting   | 3 4 |  4.3
Stealth        | 3 |  3.0
Fighting       | |  0.1
Maces & Flails | |  0.4
Dodging        | |  1.8
Transmutations | |  0.7

Action                   |  1- 3 |  4- 6 |  7- 9 || total
-------------------------+-------+-------+-------++-------
Melee: Whip              |     6 |     5 |       ||    11
       Flail             |       |    15 |     2 ||    17
 Cast: Sandblast         |    40 |    34 |    20 ||    94
       Stone Arrow       |     2 |     8 |     9 ||    19
Evoke: Wand              |       |       |     1 ||     1
  Use: Scroll            |     1 |     7 |     1 ||     9
Armor: Robe              |     9 |    23 |     9 ||    41
Dodge: Dodged            |     7 |    23 |     7 ||    37
